AoeStats
← jhonskull87

Highland

505457160Analyzed
4v4 RM · 24d ago on Sep 9, 2026· 65m 41s· 8 players
Game mode
Random Map
Map size
Large (8 player)
Population
200
Speed
Normal
Resources
Standard
Victory
Conquest
Starting age
Dark Age
Ending age
Imperial Age
RankedLock teamsTeams togetherTeam positionsShared explorationLock speedFull tech treeHidden civsTurbo modeCheats
Victory
Defeat
🇧🇬 Britons · Bulgaria
661
+13
🇲🇽 Persians · Mexico
634
+14
🇹🇷 Khmer · Türkiye
605
+15
🇷🇺 Goths · Russia
583
+16
🇺🇸 Britons · United States
666
-19
🇨🇳 Huns · China
600
-15
🇭🇰 Wei · Hong Kong SAR China
538
-12
🇨🇳 Chinese · China
538
-12
jhonskull87
7:05 Loom
11:06 Feudal Age
13:03 Horse Collar
14:43 Double-Bit Axe
18:16 Wheelbarrow
24:09 Castle Age
22:10 Gold Mining
23:45 Stone Mining
24:28 Bloodlines
25:03 Bow Saw
27:39 Hand Cart
27:15 Gambesons
27:32 Squires
30:08 Stone Shaft Mining
30:19 Heavy Plow
32:00 Husbandry
32:49 Gold Shaft Mining
37:01 Imperial Age
36:45 Light Cavalry
37:16 Pikeman
38:12 Forging
38:03 Scale Mail Armor
38:49 Caravan
40:35 Crop Rotation
41:08 Two-Man Saw
40:08 Cavalier
40:48 Town Watch
41:17 Scale Barding Armor
41:51 Murder Holes
42:18 Ballistics
42:18 Heavy Camel Rider
46:22 Chain Barding Armor
47:10 Guilds
47:45 Iron Casting
47:02 Fletching
47:12 Padded Archer Armor
48:33 Thumb Ring
47:49 Elite Skirmisher
49:41 Savar
54:13 Elite War Elephant
Ruhi TIĞLI
14:30 Feudal Age
16:37 Double-Bit Axe
17:15 Gold Mining
17:17 Stone Mining
17:19 Horse Collar
18:37 Wheelbarrow
23:25 Castle Age
24:00 Castle Age
26:01 Hand Cart
25:57 Bow Saw
25:48 Heavy Plow
26:25 Gold Shaft Mining
26:25 Stone Shaft Mining
27:33 Town Watch
28:53 Loom
34:51 Imperial Age
32:25 Town Patrol
33:49 Caravan
40:41 Double Crossbow
41:02 Conscription
40:39 Heavy Scorpion
43:03 Chemistry
43:50 Fletching
44:00 Padded Archer Armor
44:55 Ballistics
44:47 Fortified Wall
45:48 Bodkin Arrow
46:09 Leather Archer Armor
45:48 Capped Ram
47:06 Siege Ram
48:52 Siege Engineers
48:50 Bracer
49:21 Ring Archer Armor
49:35 Crop Rotation
MUSTIBG
0:32 Loom
14:22 Feudal Age
15:34 Double-Bit Axe
19:20 Horse Collar
21:45 Castle Age
24:16 Stone Mining
24:19 Gold Mining
25:33 Fishing Lines
27:09 Wheelbarrow
26:20 Town Watch
28:14 Heavy Plow
28:49 Caravan
29:19 Murder Holes
32:02 Ballistics
31:46 Padded Archer Armor
31:36 Fletching
33:09 Bow Saw
36:00 Imperial Age
33:59 Yeomen
35:03 Leather Archer Armor
34:44 Bodkin Arrow
35:15 Hand Cart
36:32 Elite Longbowman
37:40 Conscription
38:05 Squires
37:31 Pikeman
39:14 Chemistry
38:20 Warwolf
41:07 Ring Archer Armor
44:01 Bracer
44:02 Scale Mail Armor
44:12 Forging
44:55 Halberdier
52:56 Coinage
52:45 Chain Mail Armor
53:05 Iron Casting
57:49 Plate Mail Armor
58:20 Blast Furnace
Пармезан
0:38 Loom
11:24 Feudal Age
12:52 Wheelbarrow
11:59 Horse Collar
12:09 Double-Bit Axe
15:00 Man-at-Arms
17:44 Scale Mail Armor
18:38 Forging
19:15 Gold Mining
27:58 Castle Age
28:06 Pikeman
28:49 Squires
29:18 Hand Cart
29:05 Heavy Plow
29:37 Chain Mail Armor
32:08 Anarchy
32:25 Fletching
33:38 Bodkin Arrow
39:24 Imperial Age
41:03 Stone Mining
41:54 Iron Casting
48:41 Halberdier
50:46 Elite Huskarl
52:39 Perfusion
53:57 Conscription
Looting
0:41 Loom
13:06 Feudal Age
16:11 Horse Collar
20:39 Castle Age
18:38 Double-Bit Axe
20:29 Stone Mining
22:27 Fletching
22:39 Padded Archer Armor
22:59 Crossbowman
26:32 Bow Saw
32:40 Imperial Age
31:20 Pikeman
34:38 Conscription
33:42 Arbalester
35:05 Wheelbarrow
34:34 Bodkin Arrow
35:50 Bracer
36:31 Heavy Plow
36:31 Gold Mining
36:21 Capped Ram
37:36 Town Watch
42:52 Chemistry
41:34 Elite Skirmisher
46:33 Ballistics
47:32 Leather Archer Armor
49:41 Onager
51:56 Man-at-Arms
52:48 Forging
53:09 Ring Archer Armor
cst9855
2:07 Loom
12:17 Feudal Age
14:11 Wheelbarrow
13:32 Double-Bit Axe
14:46 Horse Collar
19:05 Town Watch
21:45 Castle Age
20:18 Gold Mining
20:21 Stone Mining
21:40 Bloodlines
22:19 Scale Barding Armor
22:14 Fletching
23:14 Husbandry
26:32 Chain Barding Armor
26:23 Forging
28:24 Bow Saw
29:59 Squires
29:45 Arson
29:21 Pikeman
32:06 Padded Archer Armor
32:01 Bodkin Arrow
33:19 Gold Shaft Mining
33:20 Stone Shaft Mining
34:01 Thumb Ring
36:16 Hand Cart
37:18 Tuntian
40:27 Imperial Age
38:50 Ballistics
38:20 Heated Shot
38:33 Murder Holes
39:43 Iron Casting
39:09 Scale Mail Armor
40:09 Caravan
42:41 Stone Shaft Mining
42:03 Heavy Hei Guang Cavalry
43:27 Parthian Tactics
46:12 Chemistry
45:25 Masonry
45:19 Bracer
45:36 Chain Mail Armor
47:38 Conscription
48:20 Elite Tiger Cavalry
51:50 Ming Guang Armor
53:30 Heavy Plow
林北才是接班人
10:48 Feudal Age
14:13 Gold Mining
14:14 Stone Mining
19:34 Castle Age
20:07 Bloodlines
27:14 Wheelbarrow
26:35 Gold Mining
26:36 Stone Mining
26:32 Double-Bit Axe
26:29 Horse Collar
26:53 Husbandry
27:06 Demolition Ship
28:38 Gold Shaft Mining
28:16 Bow Saw
34:56 Imperial Age
34:28 Squires
33:48 Pikeman
34:38 Marauders
34:54 Forging
34:50 Scale Barding Armor
34:49 Scale Mail Armor
35:39 Hand Cart
36:23 Caravan
36:00 Halberdier
39:05 Iron Casting
38:52 Chain Barding Armor
38:50 Chain Mail Armor
38:04 Cavalier
39:08 Elite Tarkan
46:32 Paladin
49:08 Blast Furnace
48:53 Plate Barding Armor
54:26 Light Cavalry
63:15 Hussar
ling147
11:46 Feudal Age
13:14 Wheelbarrow
12:26 Double-Bit Axe
15:00 Horse Collar
17:34 Town Watch
22:29 Castle Age
23:39 Hand Cart
23:24 Town Patrol
23:36 Bow Saw
23:29 Heavy Plow
27:31 Gold Mining
27:31 Stone Mining
28:43 Caravan
31:03 Arson
32:30 Coinage
32:22 Stone Mining
33:07 Gold Shaft Mining
34:04 Stone Shaft Mining
36:07 Forging
35:58 Padded Archer Armor
36:01 Scale Mail Armor
35:51 Fletching
36:25 Ballistics
40:46 Imperial Age
38:06 Loom
39:45 Iron Casting
39:05 Bodkin Arrow
39:25 Leather Archer Armor
39:26 Chain Mail Armor
40:57 Elite Fire Lancer
42:58 Two-Man Saw
43:07 Blast Furnace
42:38 Ring Archer Armor
42:09 Bracer
42:43 Banking
43:16 Chemistry
41:55 Elite Chu Ko Nu
42:56 Conscription
45:20 Rocketry
54:39 Plate Mail Armor
Connection lost

Rejoining the realm…

Still unreachable

The connection could not be restored.

Session expired

The server has moved on; the page needs a fresh start.